 Dungeon Crawl Stone Soup version 0.20.1-1-g8b1a95d (webtiles) character file.

149 Gargoyl the Skirmisher (level 5, 0/47 HPs)
             Began as a Minotaur Abyssal Knight on Oct 8, 2017.
             Was a Believer of Lugonu.
             Slain by an orc priest
             ... wielding a +0 hand axe
              (1 damage)
             ... on level 3 of the Dungeon.
             The game lasted 00:04:41 (2341 turns).

Gargoyl the Skirmisher (Minotaur Abyssal Knight)    Turns: 2341, Time: 00:04:42

Health: 0/47       AC: 12    Str: 16    XL:     5   Next: 9%
Magic:  5/5        EV:  5    Int:  9    God:    Lugonu [**....]
Gold:   149        SH:  0    Dex: 11    Spells: 4/4 levels left

rFire    . . .     SeeInvis .   a - +1 hand axe
rCold    . . .     Gourm    .   (no shield)
rNeg     . . .     Faith    .   d - +1 plate armour
rPois    .         Spirit   .   (helmet restricted)
rElec    .         Reflect  .   (no cloak)
rCorr    .         Harm     .   (no gloves)
MR       .....                  (no boots)
Stlth    ..........             (no amulet)
Regen    0.2/turn               (no ring)
MPRegen  0.1/turn               (no ring)

@: no status effects
A: retaliatory headbutt, horns 2
a: Depart the Abyss, Bend Space, Renounce Religion


You were on level 3 of the Dungeon.
You worshipped Lugonu.
Lugonu was pleased with you.
You were hungry.

You visited 1 branch of the dungeon, and saw 3 of its levels.
You visited the Abyss 1 time.

You collected 149 gold pieces.

Inventory:

Hand Weapons
 a - a +1 hand axe (weapon)
Armour
 d - a +1 plate armour (worn)
Scrolls
 g - 2 scrolls of identify
 h - 2 scrolls of teleportation
 i - 2 scrolls of fear
 l - a scroll of remove curse
 o - a scroll of recharging
Potions
 b - 2 potions of resistance
 e - 2 potions of curing {unknown}
 f - 2 potions of flight
 k - a potion of mutation {unknown}
 p - a potion of heal wounds {unknown}
Comestibles
 c - 4 bread rations
 j - 2 royal jellies
 m - a meat ration


   Skills:
 + Level 4.9 Fighting
 + Level 3.6 Axes
 * Level 4.1 Armour
 + Level 1.3 Dodging
 * Level 2.4 Invocations


You had 4 spell levels left.
You didn't know any spells.

Dungeon Overview and Level Annotations

Branches:
Dungeon (3/15)

Altars:


Innate Abilities, Weirdness & Mutations

You reflexively headbutt those who attack you in melee.
You have a pair of horns on your head.


Message History

The orc wizard casts a spell.
The orc wizard blinks!
The orc priest hits you but does no damage.
Your plate armour prevents you from hitting the orc priest.
The orc priest calls down the wrath of Beogh upon you.
Beogh smites you!
* * * LOW HITPOINT WARNING * * *
Unknown command.
You slash the orc priest!
The orc priest is heavily wounded.
The orc priest hits you but does no damage.
You slash the orc priest!
The orc priest is almost dead.
You hit the orc wizard.
You kill the orc wizard!
Lugonu accepts your kill.
Your Armour skill increases to level 4!
You have reached level 5!
The orc priest hits you with a hand axe.
You die...

..#. ... #.#
#####.# ##.##..#
########...#..####
#.(...............
#)######.......#.#
#@# ##.#....#.#
#o# #........# ...
###....#.# ##.##
#....##.# #.#
#.#..##.# ..#
#..#.....# ... #.
##'#### .## #
##...## #.#.....##


You could see an orc priest.

Vanquished Creatures
  An orc wizard (D:3)
  Terence (D:2)
  2 adders (D:2)
  4 worms (D:2)
  3 dart slugs
  4 leopard geckos
  2 orcs (D:3)
  2 ball pythons (D:2)
  4 giant cockroaches
  6 goblins
  5 hobgoblins
  2 quokkas
  6 bats
  4 kobolds
  6 rats
52 creatures vanquished.

Notes
Turn   | Place    | Note
-------+----------+-------------------------------------------
     0 | Abyss:1  | Gargoyl the Minotaur Abyssal Knight began the quest for the Orb.
     0 | Abyss:1  | Reached XP level 1. HP: 19/19 MP: 1/1
    58 | Abyss:1  | Noticed a yellow draconian
   103 | Abyss:1  | Noticed a tentacled starspawn
   154 | Abyss:2  | Noticed a worldbinder
   156 | Abyss:2  | Noticed a naga
   162 | Abyss:2  | Noticed a naga
   162 | Abyss:2  | Noticed a black mamba
   162 | D:1      | Escaped the Abyss
   189 | D:1      | Reached * piety under Lugonu
   274 | D:1      | Reached XP level 2. HP: 25/27 MP: 2/2
   894 | D:2      | Reached XP level 3. HP: 32/33 MP: 3/3
  1210 | D:2      | Reached ** piety under Lugonu
  1723 | D:2      | Reached XP level 4. HP: 41/41 MP: 4/4
  1870 | D:2      | Noticed Terence
  1892 | D:2      | Killed Terence
  2339 | D:3      | HP: 1/41 [orc priest/divine providence (13)]
  2341 | D:3      | Reached XP level 5. HP: 1/47 MP: 5/5
  2341 | D:3      | Slain by an orc priest

Skill      XL: |  1  2  3  4 |
---------------+-------------+-----
Fighting       | 4 |  4.9
Invocations    | 2 |  2.4
Armour         | 3 4 |  4.1
Axes           | 3 |  3.6
Dodging        | |  1.3

Action                   |  1- 3 |  4- 6 || total
-------------------------+-------+-------++-------
Melee: Hand axe          |    83 |    64 ||   147
       Headbutt          |    14 |    12 ||    26
Invok: Depart the Abyss  |     1 |       ||     1
  Use: Scroll            |     7 |     1 ||     8
  Eat: Chunk             |     2 |     2 ||     4
Armor: Plate armour      |    74 |    34 ||   108
Dodge: Dodged            |    33 |    15 ||    48
